General information
- name: BNet
- type: Ladder 1vs1/FFA
- host: Battle.net
- saver: GR1
map: TwistedMeadows
- players: 2
- length: 28:30
- speed: Fast
- version: 1.26 W3XP
- replay type: Public
» download(102 KB)
Players
team 1 (winner)
GR1 (
pink | 119 APM | 3405 actions | 28:30)
6 Goblin Tinker
3 Pocket Factory
2 Engineering Upgrade
1 Robo-Goblin
4 Pandaren Brewmaster
2 Drunken Haze
2 Breath of Fire
» actions
| Assign group hotkey | 61 | |
| Basic commands | 24 | |
| Build / train | 121 | |
| Enter build submenu | 32 | |
| Enter hero's abilities submenu | 10 | |
| Give item / drop item | 5 | |
| Remove unit from queue | 2 | |
| Right click | 1319 | |
| Select / deselect | 589 | |
| Select group hotkey | 1142 | |
| Use ability | 100 | |
3405 total
» units
| Wisp | 37 | |
| Huntress | 3 | |
| Dryad | 9 | |
| Faerie Dragon | 2 | |
| Archer | 8 | |
| Hippogryph | 9 | |
| Chimaera | 7 | |
75 total
» upgrades
| Sentinel | 1 | |
| Abolish Magic | 1 | |
| Improved Bows | 1 | |
| Marksmanship | 1 | |
| Well Spring | 1 | |
| Ultravision | 1 | |
| Nature's Blessing | 1 | |
| Moon Armor | 2 | |
| Strength of the Moon | 1 | |
| Corrosive Breath | 1 | |
| Reinforced Hides | 3 | |
| Strength of the Wild | 1 | |
15 total
» buildings
| Moon Well | 8 | |
| Altar of Elders | 1 | |
| Hunter's Hall | 1 | |
| Ancient of War | 2 | |
| Tree of Ages | 1 | |
| Ancient of Wonders | 1 | |
| Ancient Protector | 9 | |
| Ancient of Lore | 2 | |
| Ancient of Wind | 2 | |
| Tree of Life | 2 | |
| Tree of Eternity | 1 | |
| Chimaera Roost | 2 | |
32 total
» build order
00:17 Moon Well
00:40 Altar of Elders
01:38 Hunter's Hall
01:55 Ancient of War
02:03 Moon Well
02:38 Moon Well
03:12 Tree of Ages
04:39 Moon Well
05:17 Ancient of Wonders
05:29 Ancient Protector
05:37 Ancient of Lore
05:50 Ancient of Lore
05:54 Ancient of Wind
06:35 Tree of Life
06:39 Ancient Protector
07:17 Tree of Eternity
09:39 Ancient of War
10:08 Ancient Protector
11:00 Moon Well
11:06 Ancient Protector
12:27 Chimaera Roost
13:05 Ancient Protector
13:33 Moon Well
14:29 Moon Well
18:10 Ancient Protector
18:22 Tree of Life
19:28 Ancient Protector
19:53 Chimaera Roost
21:03 Moon Well
23:12 Ancient of Wind
26:41 Ancient Protector
26:44 Ancient Protector
» items
| Moonstone | 4 | |
| Boots of Speed | 1 | |
| Potion of Invisibility | 2 | |
| Staff of Teleportation | 1 | |
| Potion of Lesser Invulnerability | 2 | |
| Scroll of Town Portal | 1 | |
| Scroll of Protection | 2 | |
| Lesser Clarity Potion | 1 | |
| Scroll of Healing | 1 | |
15 total
team 2 (loser)

»
fuzzyhat (
teal | 103 APM | 2795 actions | 27:04)
6 Death Knight
3 Death Coil
3 Unholy Aura
5 Lich
3 Frost Nova
2 Frost Armor
» actions
| Assign group hotkey | 302 | |
| Basic commands | 144 | |
| Build / train | 94 | |
| ESC pressed | 2 | |
| Enter build submenu | 28 | |
| Enter hero's abilities submenu | 11 | |
| Give item / drop item | 8 | |
| Right click | 892 | |
| Select / deselect | 641 | |
| Select group hotkey | 540 | |
| Use ability | 133 | |
2795 total
» units
| Acolyte | 13 | |
| Ghoul | 11 | |
| Gargoyle | 14 | |
| Obsidian Statue | 4 | |
| Meatwagon | 2 | |
| Abomination | 2 | |
| Crypt Fiend | 1 | |
47 total
» upgrades
| Destroyer Form | 1 | |
| Ghoul Frenzy | 1 | |
| Disease Cloud | 1 | |
| Creature Attack | 1 | |
| Stone Form | 1 | |
| Web | 1 | |
| Burrow | 1 | |
7 total
» buildings
| Altar of Darkness | 1 | |
| Ziggurat | 9 | |
| Crypt | 3 | |
| Tomb of Relics | 2 | |
| Graveyard | 1 | |
| Halls of the Dead | 1 | |
| Black Citadel | 1 | |
| Slaughterhouse | 1 | |
| Spirit Tower | 6 | |
| Nerubian Tower | 3 | |
| Sacrificial Pit | 1 | |
| Necropolis | 1 | |
30 total
» build order
00:05 Altar of Darkness
00:07 Ziggurat
00:36 Crypt
00:58 Tomb of Relics
02:12 Ziggurat
02:41 Graveyard
03:23 Ziggurat
03:26 Crypt
03:51 Halls of the Dead
05:29 Crypt
06:13 Ziggurat
06:31 Black Citadel
07:17 Slaughterhouse
07:23 Spirit Tower
10:24 Ziggurat
10:40 Spirit Tower
10:41 Nerubian Tower
11:54 Sacrificial Pit
12:34 Ziggurat
12:35 Ziggurat
14:12 Spirit Tower
14:12 Spirit Tower
14:12 Spirit Tower
14:35 Ziggurat
15:17 Necropolis
16:17 Ziggurat
16:21 Spirit Tower
17:50 Nerubian Tower
17:50 Nerubian Tower
18:30 Tomb of Relics
» items
| Rod of Necromancy | 4 | |
| Boots of Speed | 1 | |
| Circlet of Nobility | 1 | |
| Orb of Corruption | 5 | |
| Potion of Lesser Invulnerability | 1 | |
| Scroll of Town Portal | 1 | |
13 total
Chat log
(26:44 / All) fuzzyhat: gg man
(26:46 / All) GR1: gg
(26:46 / All) GR1: wp
(26:52 / All) fuzzyhat: horribly outclassed
(26:56 / All) GR1: nah..
(26:58 / All) fuzzyhat: work on ur micro
(26:58 / All) GR1: you shoulda expoed
(27:00 / All) GR1: earlier
(27:01 / All) fuzzyhat: nice towers
(27:03 / All) fuzzyhat: gg noob